 Dungeon Crawl Stone Soup version 0.31-a0-662-g684573625c (webtiles) character file.

Game seed: 10772925205072004439

8323 cforsyth the Prestidigitator (level 11, -12/74 HPs)
             Began as a Gnoll Artificer on Aug 31, 2023.
             Was an Elder of Hepliaklqana.
             Mangled by Gastronok (30 damage)
             ... on level 11 of the Dungeon.
             The game lasted 00:11:55 (8814 turns).

cforsyth the Prestidigitator (Gnoll Artificer)      Turns: 8814, Time: 00:11:55

Health: -12/74     AC: 13    Str: 12    XL:     11   Next: 29%
Magic:  20/20      EV: 13    Int: 14    God:    Hepliaklqana [****..]
Gold:   566        SH:  5    Dex: 13    Spells: 20/22 levels left

rFire   . . .        e - +5 rapier (protect)
rCold   . . .        O - +0 buckler
rNeg    . . .        b - +0 leather armour
rPois   +            (no helmet)
rElec   .            (no cloak)
rCorr   .            M - +0 pair of gloves
SInv    .            N - +0 pair of boots
Will    .....        g - amulet of regeneration
Stlth   +++          m - ring of poison resistance
HPRegen 1.12/turn    H - ring of flight
MPRegen 0.17/turn

%: no passive effects
@: under a protective aura, flying, invisible
A: reduced essence, fangs 1, strong nose, distributed training
a: Renounce Religion, Recall Ancestor, Ancestor Identity, Transference, Idealise


You were on level 11 of the Dungeon.
You worshipped Hepliaklqana.
Hepliaklqana was greatly pleased with you.
You visited 2 branches of the dungeon, and saw 12 of its levels.

You collected 566 gold pieces.

Inventory:

Hand Weapons
 a - a +0 club
 e - a +5 rapier of protection (weapon)
 w - a +0 dagger of venom
 y - a +1 dagger of freezing
Missiles
 k - 4 throwing nets
Armour
 b - a +0 leather armour (worn)
 M - a +0 pair of gloves (worn)
 N - a +0 pair of boots (worn)
 O - a +0 buckler (worn)
Jewellery
 g - an amulet of regeneration (around neck)
 m - a ring of poison resistance (left hand)
 E - a ring of magical power
 H - a ring of flight (right hand)
 P - a ring of fire
 R - an amulet of faith
Wands
 d - a wand of charming (14)
 C - a wand of roots (12)
 D - a wand of paralysis (19)
Scrolls
 h - 5 scrolls of immolation {unknown}
 i - a scroll of blinking {unknown}
 n - a scroll of fog {unknown}
 o - a scroll of enchant armour {unknown}
 p - a scroll of fear {unknown}
 q - 2 scrolls of vulnerability {unknown}
 t - a scroll of amnesia {unknown}
 A - 3 scrolls of poison {unknown}
 B - 3 scrolls of revelation {unknown}
 F - 6 scrolls of identify {unknown}
 G - 3 scrolls of torment {unknown}
 K - 4 scrolls of teleportation {unknown}
Potions
 f - 2 potions of resistance {unknown}
 j - 3 potions of enlightenment
 l - a potion of ambrosia {unknown}
 r - 3 potions of degeneration
 s - a potion of magic {unknown}
 u - 2 potions of lignification {unknown}
 v - a potion of invisibility
 x - a potion of mutation {unknown}
 z - 2 potions of attraction {unknown}
 I - 3 potions of might {unknown}
 J - 4 potions of heal wounds {unknown}
 L - a potion of haste {unknown}
 Q - 2 potions of brilliance {unknown}


   Skills:
 + Level 6.8 Fighting
 + Level 6.2 Short Blades
 + Level 6.2 Long Blades
 + Level 6.2 Axes
 + Level 6.2 Maces & Flails
 + Level 6.2 Polearms
 + Level 6.2 Staves
 + Level 6.2 Ranged Weapons
 + Level 6.2 Throwing
 + Level 7.8 Armour
 + Level 6.8 Dodging
 + Level 6.7 Stealth
 + Level 6.2 Shields
 + Level 6.2 Unarmed Combat
 + Level 6.2 Spellcasting
 + Level 5.2 Conjurations
 + Level 5.2 Hexes
 + Level 5.2 Summonings
 + Level 5.2 Necromancy
 + Level 5.2 Translocations
 + Level 5.2 Transmutations
 + Level 5.2 Fire Magic
 + Level 5.2 Ice Magic
 + Level 5.2 Air Magic
 + Level 5.2 Earth Magic
 + Level 5.2 Poison Magic
 + Level 6.9 Invocations
 + Level 9.1 Evocations
 + Level 5.7 Shapeshifting


You had 20 spell levels left.
You knew the following spells:

 Your Spells              Type           Power      Damage    Failure   Level
a - Scorch                Fire           36%        2d6       4%          2

Your spell library contained the following spells:

 Spells                   Type           Power      Damage    Failure   Level
 Sting                    Tmut/Pois      72%        1d6       3%          1
 Poisonous Vapours        Pois/Air       36%        N/A       4%          2
 Dazzling Flash           Conj/Hex       36%        N/A       9%          3
 Flame Wave               Conj/Fire      18%        2d7       30%         4
 Olgreb's Toxic Radiance  Pois           18%        N/A       30%         4
 Agony                    Necr           18%        N/A       63%         5
 Silence                  Hex/Air        9%         N/A       63%         5
 Summon Cactus Giant      Summ           9%         N/A       99%         6


Dungeon Overview and Level Annotations

Branches:
Dungeon (11/15)            Temple (1/1) D:7            Lair (0/5) D:11
    Orc (0/2) D:9

Altars:
Ashenzari
Cheibriados
Dithmenos
Elyvilon
Fedhas
Gozag
Hepliaklqana
Kikubaaqudgha
Makhleb
Nemelex Xobeh
Okawaru
Qazlal
Ru
Sif Muna
Trog
Uskayaw
Vehumet
Wu Jian
Xom
Yredelemnul
Zin
The Shining One

Shops:
D:4 [   D:6 *

Annotations:
D:11 Gastronok


Innate Abilities, Weirdness & Mutations

Your life essence is reduced to manifest your ancestor. (-10% HP)
You have very sharp teeth.
Your uncanny sense of smell can sniff out nearby items.
Your experience applies equally to all skills.


Message History

The puff of frost hits Gastronok!
Gastronok bites Ahumratum!!!
Ahumratum is destroyed!
Gastronok gurgles horribly!
You hit Gastronok. Your bite misses Gastronok.
Gastronok is severely wounded.
You hit Gastronok. You bite Gastronok, but do no damage.
Gastronok is severely wounded.
You block Gastronok's attack.
Aiming: Paralyse
Press: ? - help, Shift-Dir - straight line, f - Gastronok
Aim: Gastronok, wearing a +1 hat (severely wounded, chance to affect: 20%)
Okay, then.
Unknown command.
Aiming: Throw Flame
Press: ? - help, Shift-Dir - straight line, f - Gastronok
Aim: Gastronok, wearing a +1 hat (severely wounded, 100% to hit)
The puff of flame hits Gastronok!
Gastronok is severely wounded.
Aiming: Throw Flame
Press: ? - help, Shift-Dir - straight line, f/p - Gastronok
Aim: Gastronok, wearing a +1 hat (severely wounded, 100% to hit)
The puff of flame hits Gastronok.
Gastronok is severely wounded.
The now-empty wand crumbles to dust.
Gastronok bites you!!
* * * LOW HITPOINT WARNING * * *
Aiming: Charm
Press: ? - help, Shift-Dir - straight line, f/p - Gastronok
Aim: Gastronok, wearing a +1 hat (severely wounded, chance to affect: 20%)
Okay, then.
Unknown command.
Aiming: Fastroot
Press: ? - help, Shift-Dir - straight line, f/p - Gastronok
Aim: Gastronok, wearing a +1 hat (severely wounded)
Okay, then.
Unknown command.
You fade into invisibility!
Gastronok sloshes about.
Gastronok attacks as he pursues you! Gastronok bites you!!
You die...
Gastronok gurgles, "About time.
I'm starving!"

#..#.# #.#
....##.# ###.#
#### #.. #...#
##. #.###
#.#####.#
#.....#)#
#....>#.#
........# .
#......@###....
#......w.......
..(...#.###....
###.###(# .# #.
#.# . ..# # ###


You could see Gastronok.

Vanquished Creatures
  A two-headed ogre (D:9)
  Grinder (D:3)
  3 wyverns
  A shadow (D:8)
  8 yaks
  Eustachio (D:5)
  A steam dragon (D:6)
  2 acid dragons
  2 water moccasins
  An orc warrior (D:9)
  A black bear (D:6)
  A centaur (D:8)
  A phantom (D:6)
  Blork the orc (D:5)
  A bullfrog (D:9)
  A scorpion (D:6)
  3 killer bees (D:10)
  A howler monkey (D:9)
  An electric eel (D:9)
  2 orc priests
  2 jellies (D:5)
  2 hounds
  A gnoll bouda (D:9)
  Jessica (D:3)
  An iguana (D:5)
  5 orc wizards
  3 gnolls (D:9)
  6 adders
  2 white imps
  2 worms (D:2)
  4 dart slugs
  15 orcs
  3 endoplasms
  2 giant cockroaches
  15 goblins
  7 hobgoblins
  8 jackals
  7 kobolds
  3 quokkas
  7 ball pythons
  12 bats
  2 frilled lizards
  4 rats
148 creatures vanquished.

Vanquished Creatures (collateral kills)
  A two-headed ogre (D:10)
  13 yaks
  A wraith (D:11)
  A steam dragon (D:7)
  An acid dragon (D:9)
  A water moccasin (D:7)
  An ice beast (D:6)
  An orc warrior (D:8)
  A bullfrog (D:7)
  A scorpion (D:6)
  7 killer bees
  An electric eel (D:9)
  A howler monkey (D:9)
  A hound (D:7)
  An iguana (D:6)
  3 orc wizards (D:9)
  2 gnolls (D:9)
  An adder (D:4)
  A dart slug (D:5)
  8 orcs
  2 goblins
  2 kobolds
52 creatures vanquished.

Vanquished Creatures (others)
  3 battlemagi
3 creatures vanquished.

Grand Total: 203 creatures vanquished

Notes
Turn   | Place    | Note
-------+----------+-------------------------------------------
     0 | D:1      | cforsyth the Gnoll Artificer began the quest for the Orb.
     0 | D:1      | Reached XP level 1. HP: 17/17 MP: 1/1
   195 | D:1      | Reached XP level 2. HP: 19/23 MP: 2/2
   753 | D:2      | Reached XP level 3. HP: 16/28 MP: 2/4
   887 | D:2      | Reached skill level 1 in Invocations
  1084 | D:2      | Reached skill level 1 in Short Blades
  1084 | D:2      | Reached skill level 1 in Long Blades
  1084 | D:2      | Reached skill level 1 in Axes
  1084 | D:2      | Reached skill level 1 in Maces & Flails
  1084 | D:2      | Reached skill level 1 in Polearms
  1084 | D:2      | Reached skill level 1 in Staves
  1084 | D:2      | Reached skill level 1 in Ranged Weapons
  1084 | D:2      | Reached skill level 1 in Throwing
  1084 | D:2      | Reached skill level 1 in Shields
  1084 | D:2      | Reached skill level 1 in Unarmed Combat
  1084 | D:2      | Reached skill level 1 in Spellcasting
  1274 | D:2      | Reached XP level 4. HP: 34/34 MP: 5/5
  1479 | D:3      | Reached skill level 1 in Shapeshifting
  1664 | D:3      | Noticed Grinder
  1664 | D:3      | Paralysed by Grinder for 4 turns
  1674 | D:3      | Paralysed by Grinder for 4 turns
  1683 | D:3      | Killed Grinder
  1684 | D:3      | Reached skill level 5 in Armour
  1684 | D:3      | Reached skill level 1 in Conjurations
  1684 | D:3      | Reached skill level 1 in Hexes
  1684 | D:3      | Reached skill level 1 in Summonings
  1684 | D:3      | Reached skill level 1 in Necromancy
  1684 | D:3      | Reached skill level 1 in Translocations
  1684 | D:3      | Reached skill level 1 in Transmutations
  1684 | D:3      | Reached skill level 1 in Fire Magic
  1684 | D:3      | Reached skill level 1 in Ice Magic
  1684 | D:3      | Reached skill level 1 in Air Magic
  1684 | D:3      | Reached skill level 1 in Earth Magic
  1684 | D:3      | Reached skill level 1 in Poison Magic
  1684 | D:3      | Reached XP level 5. HP: 15/41 MP: 5/7
  1684 | D:3      | Reached XP level 6. HP: 17/47 MP: 5/8
  2229 | D:3      | Noticed Jessica
  2244 | D:3      | Killed Jessica
  2474 | D:4      | You fall into a shaft and drop 3 floors!
  2518 | D:7      | Found a staircase to the Ecumenical Temple.
  2525 | Temple   | Entered the Ecumenical Temple
  2556 | Temple   | Became a worshipper of Hepliaklqana the Forgotten
  2610 | D:7      | Noticed a wyvern
  2708 | D:6      | Noticed a black bear
  2756 | D:6      | Noticed a wyvern
  2768 | D:6      | Found Ciseujag's General Store.
  2781 | D:6      | Noticed an ice beast
  2786 | D:6      | Killed an ice beast
  2787 | D:6      | Reached XP level 7. HP: 52/52 MP: 10/10
  2796 | D:5      | Entered Level 5 of the Dungeon
  2801 | D:5      | Noticed Blork the orc
  2808 | D:5      | Killed Blork the orc
  2809 | D:5      | Reached skill level 7 in Evocations
  3240 | D:5      | Found a large runed translucent door.
  3467 | D:4      | Found Kuza's Armour Shop.
  3626 | D:4      | Reached * piety under Hepliaklqana
  4194 | D:5      | Reached XP level 8. HP: 15/54 MP: 12/12
  4243 | D:5      | Noticed Eustachio
  4251 | D:5      | Killed Eustachio
  4378 | D:5      | Found a large runed translucent door.
  4728 | D:5      | Found a snail-covered altar of Cheibriados.
  4739 | D:5      | Found a shadowy altar of Dithmenos.
  4800 | D:6      | Killed a wyvern
  4998 | D:6      | Reached XP level 9. HP: 43/59 MP: 14/14
  5181 | D:6      | Found a bloodstained altar of Trog.
  5256 | D:7      | Reached ** piety under Hepliaklqana
  5257 | D:7      | Remembered your ancestor Ahumratum as a battlemage
  5477 | D:7      | Reached skill level 5 in Fighting
  5477 | D:7      | Reached skill level 5 in Dodging
  5678 | D:8      | Reached skill level 5 in Stealth
  6044 | D:4      | Learned a level 2 spell: Scorch
  6222 | D:8      | Reached skill level 8 in Evocations
  6297 | D:8      | Identified the +1 dagger "Eju Seet" {venom, Will- Int+7}
  6519 | D:8      | Found a white marble altar of Elyvilon.
  6632 | D:8      | Reached skill level 5 in Invocations
  6646 | D:8      | Reached XP level 10. HP: 34/67 MP: 17/17
  6843 | D:8      | Reached *** piety under Hepliaklqana
  7416 | D:9      | Reached skill level 5 in Short Blades
  7416 | D:9      | Reached skill level 5 in Long Blades
  7416 | D:9      | Reached skill level 5 in Axes
  7416 | D:9      | Reached skill level 5 in Maces & Flails
  7416 | D:9      | Reached skill level 5 in Polearms
  7416 | D:9      | Reached skill level 5 in Staves
  7416 | D:9      | Reached skill level 5 in Ranged Weapons
  7416 | D:9      | Reached skill level 5 in Throwing
  7416 | D:9      | Reached skill level 5 in Shields
  7416 | D:9      | Reached skill level 5 in Unarmed Combat
  7416 | D:9      | Reached skill level 5 in Spellcasting
  7566 | D:9      | Found a staircase to the Orcish Mines.
  7628 | D:9      | Reached skill level 5 in Shapeshifting
  7678 | D:9      | Noticed a two-headed ogre
  7682 | D:9      | Killed a two-headed ogre
  8075 | D:10     | Entered Level 10 of the Dungeon
  8197 | D:10     | Reached XP level 11. HP: 70/74 MP: 19/19
  8199 | D:10     | Reached skill level 9 in Evocations
  8227 | D:10     | Reached skill level 5 in Conjurations
  8227 | D:10     | Reached skill level 5 in Hexes
  8227 | D:10     | Reached skill level 5 in Summonings
  8227 | D:10     | Reached skill level 5 in Necromancy
  8227 | D:10     | Reached skill level 5 in Translocations
  8227 | D:10     | Reached skill level 5 in Transmutations
  8227 | D:10     | Reached skill level 5 in Fire Magic
  8227 | D:10     | Reached skill level 5 in Ice Magic
  8227 | D:10     | Reached skill level 5 in Air Magic
  8227 | D:10     | Reached skill level 5 in Earth Magic
  8227 | D:10     | Reached skill level 5 in Poison Magic
  8247 | D:10     | Noticed a two-headed ogre
  8255 | D:10     | Killed a two-headed ogre
  8493 | D:10     | Reached **** piety under Hepliaklqana
  8779 | D:11     | Found a staircase to the Lair.
  8799 | D:11     | Noticed Gastronok
  8814 | D:11     | Mangled by Gastronok

Illustrated notes

Levels and vault maps discovered:
D:1:      lightli_molten_gateway, layout_loops_cross
D:2:      layout_basic, minmay_tromino_v7
D:3:      minmay_general_purpose_star, layout_basic, serial_forest,
          infiniplex_forest_clump_tiny, infiniplex_forest_clump_long,
          infiniplex_forest_end_1, infiniplex_forest_clump_long,
          infiniplex_forest_corner_1, infiniplex_forest_clump_double,
          uniq_jessica, uniq_grinder
D:4:      layout_basic, serial_shops, shop, hex_large, solitary_fountain
D:5:      layout_basic, jmf_multi_god_temple2, uniq_eustachio,
          uniq_blork_the_orc
D:6:      layout_rooms, trog_hazing_becter, serial_shops, shop
D:7:      layout_basic, minmay_temple_entry_crystal_x
D:8:      layout_layer_cave, nicolae_elyvilon_peaceful_grove,
          serial_bayou_pond_e, kennysheep_another_room
D:9:      layout_gridville, orc_0_dummy, serial_bayou, serial_bayou_shore_a,
          serial_bayou_pond_a, serial_bayou_lagoon_a, serial_bayou_pond_c
D:10:     nicolae_cairo_tiling_large_dashed, layout_rooms
D:11:     layout_rooms, lair_entry_dummy, nooodl_orcs_dogs, uniq_gastronok
Temple:   dpeg_five_rooms_temple

Skill      XL: |  1  2  3  4  5  6  7  8  9 10 11 |
---------------+----------------------------------+-----
Invocations    | 1 2 3 4 5 6 |  6.9
Short Blades   | 1 2 3 4 5 6 |  6.2
Long Blades    | 1 2 3 4 5 6 |  6.2
Axes           | 1 2 3 4 5 6 |  6.2
Maces & Flails | 1 2 3 4 5 6 |  6.2
Polearms       | 1 2 3 4 5 6 |  6.2
Staves         | 1 2 3 4 5 6 |  6.2
Ranged Weapons | 1 2 3 4 5 6 |  6.2
Throwing       | 1 2 3 4 5 6 |  6.2
Shields        | 1 2 3 4 5 6 |  6.2
Unarmed Combat | 1 2 3 4 5 6 |  6.2
Spellcasting   | 1 2 3 4 5 6 |  6.2
Shapeshifting  | 1 2 3 4 5 |  5.7
Fighting       | 3 4 5 6 |  6.8
Armour         | 5 6 7 |  7.8
Dodging        | 3 4 5 6 |  6.8
Stealth        | 3 4 5 6 |  6.7
Conjurations   | 1 2 3 4 5 |  5.2
Hexes          | 1 2 3 4 5 |  5.2
Summonings     | 1 2 3 4 5 |  5.2
Necromancy     | 1 2 3 4 5 |  5.2
Translocations | 1 2 3 4 5 |  5.2
Transmutations | 1 2 3 4 5 |  5.2
Fire Magic     | 1 2 3 4 5 |  5.2
Ice Magic      | 1 2 3 4 5 |  5.2
Air Magic      | 1 2 3 4 5 |  5.2
Earth Magic    | 1 2 3 4 5 |  5.2
Poison Magic   | 1 2 3 4 5 |  5.2
Evocations     | 7 8 9 |  9.1

Action                     |  1- 3 |  4- 6 |  7- 9 | 10-12 || total
---------------------------+-------+-------+-------+-------++-------
  Melee: Club              |   210 |     7 |       |       ||   217
         Bite              |    23 |    16 |    18 |    32 ||    89
         Punch             |     3 |     2 |     4 |       ||     9
         Dagger            |       |   115 |   133 |       ||   248
         Rapier            |       |       |   119 |   229 ||   348
 Invoke: Recall Ancestor   |       |       |     1 |       ||     1
         Ancestor Life: Ba |       |       |     1 |       ||     1
  Evoke: Wand              |       |     9 |    12 |     2 ||    23
    Use: Potion            |       |       |     5 |     1 ||     6
   Stab: Sleeping          |     2 |     3 |     5 |     2 ||    12
         Paralysed         |       |       |     3 |       ||     3
         Distracted        |       |       |     3 |     4 ||     7
 Armour: Leather armour    |   152 |    72 |   165 |   151 ||   540
  Dodge: Dodged            |   153 |    79 |   166 |   133 ||   531
  Block: Buckler           |       |       |    11 |    62 ||    73

Table legend: (Time is in decaauts)
 A = Elapsed time spent in this place.
 B = Non-inter-level travel time spent in this place.
 C = Inter-level travel time spent in this place.
 D = Time resting spent in this place.
 E = Time spent auto-exploring this place.
 F = Levels seen in this place.
 G = Mean time per level.
                   A        B        C        D        E       F      G
               +--------+--------+--------+--------+--------+-----+--------+
         Total |   8849 |   8006 |    843 |    189 |   6058 |  12 |  737.4 |
       Dungeon |   8788 |   8004 |    784 |    189 |   6058 |  11 |  798.9 |
        Temple |     60 |      1 |     59 |      0 |      0 |   1 |   60.0 |
               +--------+--------+--------+--------+--------+-----+--------+

Top non-repeatable levels by time:
     D:8: 1338 daAuts
     D:5: 1265 daAuts
     D:3: 1007 daAuts
     D:4: 927 daAuts
     D:1: 811 daAuts
     D:6: 806 daAuts
     D:2: 681 daAuts
     D:9: 674 daAuts
    D:10: 664 daAuts
     D:7: 537 daAuts
    D:11: 74 daAuts
  Temple: 60 daAuts
